Blackhawks vs Red Wings
(R1)
Created - 1 avril 2014 at 22:43
Goals
|
| Blackhawks |
0 |
1 |
1 |
2 |
| Red Wings |
2 |
3 |
0 |
5 |
|
Shots
|
| Blackhawks |
6 |
11 |
11 |
28 |
| Red Wings |
18 |
6 |
3 |
27 |
|
1st period
1. Red Wings , Rick Nash 35 (Jason Spezza) at 8:04
2. Red Wings , Jason Spezza 53 (Martin Havlat, Rick Nash) at 19:51
Penalties :
Christian Ehrhoff (Chi) for Roughing (Minor) at 12:28
2nd period
3. Red Wings , Martin Havlat 41 (Kim Johnsson, Jason Spezza) at 0:11
4. Red Wings , Glen Murray 22 (Shawn Horcoff, Kim Johnsson) at 3:10 (PP)
5. Red Wings , Glen Murray 23 (Shawn Horcoff, Donald Brashear) at 5:10
6. Blackhawks , Daniel Carcillo 12 (Scott Gomez, Rene Bourque) at 18:31
Penalties :
Scott Gomez (Chi) for Hooking (Minor) at 2:13, Jonathan Quick (Det) for Slashing (Minor) at 8:23 - Shea Weber served the penalty
3rd period
7. Blackhawks , Joe Sakic 37 (Kris Versteeg, Rene Bourque) at 10:33 (PP)
Penalties :
Kim Johnsson (Det) for Hooking (Minor) at 0:05, Brian Sutherby (Det) for Roughing (Minor) at 10:25
Goalie Stats
Jocelyn Thibault (Chi), 5 saves from 5 shots - (1,000), 34:50 minutes
Roberto Luongo (Chi), 17 saves from 22 shots - (0,773), L, 31-24-7, 25:10 minutes
Jonathan Quick (Det), 26 saves from 28 shots - (0,929), W, 28-20-6, 60:00 minutes
Players Stats for Blackhawks
Player Name G A P +/- PIM S H SB GA TA FO MP PP MP PK MP
------------------------------------------------------------------------------------
Brent Burns 0 0 0 0 0 0 4 1 1 0 0/0 27:38 2:43 1:06
Chris Campoli 0 0 0 -3 0 1 2 1 1 1 0/0 25:09 0:14 0:52
Christian Ehrhoff 0 0 0 -2 2 0 1 1 1 1 0/0 21:11 1:09 0:14
Colby Armstrong 0 0 0 1 0 1 0 0 0 0 0/0 11:15 0:00 1:41
Daniel Carcillo 1 0 1 1 0 2 3 0 0 0 0/0 9:59 0:00 0:25
Dominic Moore 0 0 0 0 0 2 1 1 1 0 1/8 13:05 0:00 1:41
George Parros 0 0 0 -1 0 0 3 0 0 1 0/0 14:41 0:00 0:00
Hnat Domenichelli 0 0 0 0 0 2 2 0 1 0 0/0 11:24 0:00 0:00
Joe Sakic 1 0 1 -1 0 4 4 0 1 0 7/10 17:05 2:32 0:00
John Carlson 0 0 0 0 0 0 0 0 0 0 0/0 3:50 2:57 0:00
Jordan Staal 0 0 0 1 0 1 1 0 0 0 3/6 10:29 0:00 0:50
Kris Versteeg 0 1 1 -3 0 3 3 1 0 1 0/0 20:52 2:32 0:50
Loui Eriksson 0 0 0 -1 0 1 3 0 0 1 0/0 16:29 1:34 0:25
Rene Bourque 0 2 2 -3 0 3 2 1 0 1 1/2 19:57 2:32 0:00
Richard Matvichuk 0 0 0 -1 0 2 1 1 0 0 0/0 14:01 0:00 1:50
Scott Gomez 0 1 1 -3 2 3 2 0 0 0 14/26 18:55 1:34 0:00
Steve Bernier 0 0 0 0 0 1 2 0 0 0 0/0 12:47 1:34 0:00
Steve McCarthy 0 0 0 0 0 2 4 3 0 1 0/0 28:15 1:09 1:50
Players Stats for Red Wings
Player Name G A P +/- PIM S H SB GA TA FO MP PP MP PK MP
------------------------------------------------------------------------------------
Brian Sutherby 0 0 0 -1 2 4 2 0 0 0 5/6 12:41 0:00 0:53
Christian Backman 0 0 0 0 0 1 0 1 1 0 0/0 17:24 0:00 2:21
Christian Laflamme 0 0 0 0 0 0 0 0 0 1 0/0 15:43 0:00 0:00
Donald Brashear 0 1 1 1 0 0 2 0 0 1 0/0 17:13 1:26 1:33
Glen Murray 2 0 2 1 0 4 2 0 0 0 0/1 14:28 1:26 0:00
Jason Spezza 1 2 3 3 0 6 2 1 0 0 16/32 21:20 1:30 2:20
Kim Johnsson 0 2 2 2 2 2 0 1 0 0 0/0 24:18 1:34 1:34
Lubos Bartecko 0 0 0 -1 0 1 1 1 1 0 0/0 11:48 0:00 0:00
Martin Havlat 1 1 2 3 0 2 1 0 0 0 1/1 19:25 1:30 0:16
Maxim Kondratiev 0 0 0 1 0 0 1 0 0 1 0/0 19:14 1:22 1:19
Mike Richards 0 0 0 0 0 0 0 0 0 0 0/3 13:53 0:00 0:00
Nathan Horton 0 0 0 0 0 0 0 0 0 0 0/0 11:56 0:00 1:19
Paul Martin 0 0 0 1 0 0 1 1 2 0 0/0 19:54 1:22 1:37
Peter Schaefer 0 0 0 -1 0 0 1 0 0 0 0/0 12:31 0:00 0:38
Rick Nash 1 1 2 3 0 3 0 2 1 0 2/2 14:21 1:30 1:13
Sean Bergenheim 0 0 0 0 0 2 2 1 0 0 0/0 11:43 0:00 0:00
Shawn Horcoff 0 2 2 1 0 1 2 0 0 0 2/7 14:28 1:26 0:00
Shea Weber 0 0 0 2 0 1 0 2 2 3 0/0 23:32 1:34 1:21
3 Stars
1 - Jason Spezza (Det)
2 - Glen Murray (Det)
3 - Martin Havlat (Det)
Power Play
Blackhawks - 1 on 3 Attempt(s) - 33,33%
Red Wings - 1 on 2 Attempt(s) - 50,00%
Penalty Kill
Blackhawks - 1 on 2 Attempt(s) - 50,00%
- Score 0 goal in Penalty Kill
Red Wings - 2 on 3 Attempt(s) - 66,67%
- Score 0 goal in Penalty Kill
Official
Referees : O'Halloran Dan and Rooney Chris
Linesman : Andy McElman and Steve Barton
Game Notes
Jocelyn Thibault enters game at 5:10 of 2nd period
Rick Nash is injured at 0:09 of 3rd period (Bruised Right Leg)
Finance
Level 1 -- Attendance: 5760 (96,00%) -- Ticket Income 506 880 $
Level 2 -- Attendance: 4301 (86,02%) -- Ticket Income 223 652 $
Level 3 -- Attendance: 1770 (88,50%) -- Ticket Income 54 870 $
Level 4 -- Attendance: 3302 (82,55%) -- Ticket Income 66 040 $
Luxury Box -- Attendance: 919 (91,90%) -- Ticket Income 156 230 $
Game was played at the Joe Louis Arena
Total Attendance: 16052 (89,18%)
Total Ticket Income: 1 007 672 $
Other Income: 151 151 $
Total Income: 1 158 823 $
Blackhawks
5 vs 5 Forward
Center Left Wing Right Wing Time % Phy DF OF
1 Scott Gomez Kris Versteeg Rene Bourque 40 1 2 2
2 Joe Sakic Loui Eriksson George Parros 30 1 2 2
3 Dominic Moore Hnat Domenichelli Steve Bernier 20 1 2 2
4 Jordan Staal Daniel Carcillo Colby Armstrong 10 1 2 2
5 vs 5 Defense
Defense Defense Time % Phy DF OF
1 Brent Burns Steve McCarthy 40 1 2 2
2 Chris Campoli Christian Ehrhoff 33 1 2 2
3 Richard Matvichuk Chris Campoli 15 1 2 2
4 Brent Burns Steve McCarthy 12 1 2 2
PowerPlay Forward
Center Left Wing Right Wing Time % Phy DF OF
1 Joe Sakic Kris Versteeg Rene Bourque 60 1 2 2
2 Scott Gomez Loui Eriksson Steve Bernier 40 1 2 2
PowerPlay Defense
Defense Defense Time % Phy DF OF
1 Brent Burns John Carlson 60 1 2 2
2 Christian Ehrhoff Steve McCarthy 40 1 2 2
Penalty Kill 4 Players Forward
Center Wing Time % Phy DF OF
1 Dominic Moore Colby Armstrong 60 1 2 2
2 Jordan Staal Kris Versteeg 40 1 2 2
Penalty Kill 4 Players Defense
Defense Defense Time % Phy DF OF
1 Richard Matvichuk Steve McCarthy 60 1 2 2
2 Christian Ehrhoff Brent Burns 40 1 2 2
Penalty Kill - 3 Players Forward
Forward Time % Phy DF OF
1 Dominic Moore 60 1 2 2
2 Jordan Staal 40 1 2 2
Penalty Kill - 3 Players Defense
Defense Defense Time % Phy DF OF
1 Brent Burns Steve McCarthy 60 1 2 2
2 Chris Campoli Christian Ehrhoff 40 1 2 2
4 vs 4 Forward
Center Wing Time % Phy DF OF
1 Joe Sakic Kris Versteeg 60 1 2 2
2 Scott Gomez Loui Eriksson 40 1 2 2
4 vs 4 Defense
Defense Defense Time % Phy DF OF
1 Brent Burns Christian Ehrhoff 60 1 2 2
2 Chris Campoli Steve McCarthy 40 1 2 2
Last Minutes Offensive
Center Left Wing Right Wing Defense Defense
Joe Sakic Kris Versteeg Rene Bourque Brent Burns John Carlson
Last Minutes Defensive
Center Left Wing Right Wing Defense Defense
Joe Sakic Kris Versteeg Colby Armstrong Steve McCarthy Brent Burns
Goaltenders
Starting : Roberto Luongo
Backup : Jocelyn Thibault
Extra Forwards
Normal : Steve Bernier, George Parros, Loui Eriksson - PP : Colby Armstrong, Jordan Staal - PK : Loui Eriksson
Extra Defensemen
Normal : Christian Ehrhoff, Richard Matvichuk, Chris Campoli - PP : Brent Burns - PK : Steve McCarthy, Chris Campoli
Penalty Shots
Joe Sakic, Kris Versteeg, Loui Eriksson, Scott Gomez, Rene Bourque
Red Wings
5 vs 5 Forward
Center Left Wing Right Wing Time % Phy DF OF
1 Jason Spezza Rick Nash Martin Havlat 40 1 2 2
2 Shawn Horcoff Donald Brashear Glen Murray 30 1 2 2
3 Mike Richards Sean Bergenheim Nathan Horton 20 1 2 2
4 Brian Sutherby Peter Schaefer Lubos Bartecko 10 1 2 2
5 vs 5 Defense
Defense Defense Time % Phy DF OF
1 Kim Johnsson Shea Weber 40 1 2 2
2 Paul Martin Maxim Kondratiev 30 1 2 2
3 Christian Laflamme Christian Backman 20 1 2 2
4 Kim Johnsson Shea Weber 10 1 2 2
PowerPlay Forward
Center Left Wing Right Wing Time % Phy DF OF
1 Jason Spezza Rick Nash Martin Havlat 60 1 2 2
2 Shawn Horcoff Donald Brashear Glen Murray 40 1 2 2
PowerPlay Defense
Defense Defense Time % Phy DF OF
1 Kim Johnsson Shea Weber 60 1 2 2
2 Paul Martin Maxim Kondratiev 40 1 2 2
Penalty Kill 4 Players Forward
Center Wing Time % Phy DF OF
1 Jason Spezza Rick Nash 60 1 2 2
2 Martin Havlat Donald Brashear 40 1 2 2
Penalty Kill 4 Players Defense
Defense Defense Time % Phy DF OF
1 Kim Johnsson Shea Weber 60 1 2 2
2 Paul Martin Maxim Kondratiev 40 1 2 2
Penalty Kill - 3 Players Forward
Forward Time % Phy DF OF
1 Jason Spezza 60 1 2 2
2 Rick Nash 40 1 2 2
Penalty Kill - 3 Players Defense
Defense Defense Time % Phy DF OF
1 Kim Johnsson Shea Weber 60 1 2 2
2 Paul Martin Maxim Kondratiev 40 1 2 2
4 vs 4 Forward
Center Wing Time % Phy DF OF
1 Jason Spezza Rick Nash 60 1 2 2
2 Martin Havlat Donald Brashear 40 1 2 2
4 vs 4 Defense
Defense Defense Time % Phy DF OF
1 Kim Johnsson Shea Weber 60 1 2 2
2 Paul Martin Maxim Kondratiev 40 1 2 2
Last Minutes Offensive
Center Left Wing Right Wing Defense Defense
Jason Spezza Rick Nash Martin Havlat Kim Johnsson Shea Weber
Last Minutes Defensive
Center Left Wing Right Wing Defense Defense
Jason Spezza Rick Nash Martin Havlat Kim Johnsson Shea Weber
Goaltenders
Starting : Jonathan Quick
Backup : Robert Esche
Extra Forwards
Normal : Mike Richards, Sean Bergenheim, Nathan Horton - PP : Mike Richards, Sean Bergenheim - PK : Nathan Horton
Extra Defensemen
Normal : Christian Laflamme, Christian Backman, Paul Martin - PP : Christian Laflamme - PK : Christian Backman, Paul Martin
Penalty Shots
Jason Spezza, Rick Nash, Martin Havlat, Donald Brashear, Glen Murray
% Time on Ice - Blackhawks
Lines # - Real PCT - Wanted PCT - Time Play
Normal Forward
1 - 33% - 40% - 17:25
2 - 28% - 30% - 14:35
3 - 22% - 20% - 11:24
4 - 18% - 10% - 9:34
Normal Defense
1 - 41% - 40% - 21:30
2 - 34% - 33% - 18:15
3 - 18% - 15% - 9:20
4 - 7% - 12% - 3:53
PP Forward
1 - 62% - 60% - 2:32
2 - 38% - 40% - 1:34
PP Defense
1 - 72% - 60% - 2:57
2 - 28% - 40% - 1:09
PK Forward
1 - 72% - 60% - 2:06
2 - 28% - 40% - 0:50
PK Defense
1 - 63% - 60% - 1:50
2 - 38% - 40% - 1:06
PK3 Forward
1 - 0% - 60%
2 - 0% - 40%
PK3 Defense
1 - 0% - 60%
2 - 0% - 40%
44 Forward
1 - 0% - 60%
2 - 0% - 40%
44 Defense
1 - 0% - 60%
2 - 0% - 40%
Last Minute Offensive - 0:00
Last Minute Defensive - 0:00
Total
Forward - 60:00
Defense - 60:00
|
% Time on Ice - Red Wings
Lines # - Real PCT - Wanted PCT - Time Play
Normal Forward
1 - 34% - 40% - 17:45
2 - 25% - 30% - 13:02
3 - 20% - 20% - 10:23
4 - 22% - 10% - 11:48
Normal Defense
1 - 38% - 40% - 19:57
2 - 31% - 30% - 16:33
3 - 27% - 20% - 14:19
4 - 4% - 10% - 2:09
PP Forward
1 - 51% - 60% - 1:30
2 - 49% - 40% - 1:26
PP Defense
1 - 53% - 60% - 1:34
2 - 47% - 40% - 1:22
PK Forward
1 - 93% - 60% - 3:50
2 - 7% - 40% - 0:16
PK Defense
1 - 68% - 60% - 2:47
2 - 32% - 40% - 1:19
PK3 Forward
1 - 0% - 60%
2 - 0% - 40%
PK3 Defense
1 - 0% - 60%
2 - 0% - 40%
44 Forward
1 - 0% - 60%
2 - 0% - 40%
44 Defense
1 - 0% - 60%
2 - 0% - 40%
Last Minute Offensive - 0:00
Last Minute Defensive - 0:00
Total
Forward - 60:00
Defense - 60:00
|
Play by Play
1st period
0:01 of 1st period - Scott Gomez wins face-off versus Jason Spezza in neutral zone.
0:16 of 1st period - Snap shot by Rick Nash.
0:16 of 1st period - Shot Misses the Net.
0:26 of 1st period - Glen Murray is hit by George Parros and loses puck.
0:35 of 1st period - Wrist shot by Joe Sakic.
0:35 of 1st period - Shot Blocked by Kim Johnsson.
0:37 of 1st period - Slapshot by Christian Ehrhoff.
0:37 of 1st period - Shot Blocked by Shea Weber.
0:51 of 1st period - Slapshot by Mike Richards.
0:51 of 1st period - Shot Misses the Net.
0:53 of 1st period - Snap shot by Sean Bergenheim.
0:53 of 1st period - Stopped by Roberto Luongo with a rebound.
0:55 of 1st period - Snap shot by Shea Weber.
0:55 of 1st period - Stopped by Roberto Luongo with a rebound.
0:57 of 1st period - Snap shot by Mike Richards.
0:57 of 1st period - Shot Blocked by Dominic Moore.
0:59 of 1st period - Slapshot by Kim Johnsson.
0:59 of 1st period - Stopped by Roberto Luongo without a rebound.
1:00 of 1st period - Brian Sutherby wins face-off versus Jordan Staal in Blackhawks zone.
1:13 of 1st period - Snap shot by Brian Sutherby.
1:13 of 1st period - Stopped by Roberto Luongo with a rebound.
1:25 of 1st period - Scott Gomez is hit by Jason Spezza.
1:31 of 1st period - Wrist shot by Scott Gomez.
1:31 of 1st period - Shot Blocked by Jason Spezza.
2:07 of 1st period - Snap shot by Dominic Moore.
2:07 of 1st period - Shot Misses the Net.
2:31 of 1st period - Wrist shot by Brian Sutherby.
2:31 of 1st period - Stopped by Roberto Luongo without a rebound.
2:32 of 1st period - Brian Sutherby wins face-off versus Dominic Moore in Blackhawks zone.
2:41 of 1st period - Snap shot by Lubos Bartecko.
2:41 of 1st period - Shot Blocked by Brent Burns.
2:43 of 1st period - Slapshot by Kim Johnsson.
2:43 of 1st period - Shot Misses the Net.
3:01 of 1st period - Snap shot by Scott Gomez.
3:01 of 1st period - Shot Misses the Net.
3:03 of 1st period - Snap shot by Scott Gomez.
3:03 of 1st period - Shot Misses the Net.
3:27 of 1st period - Wrist shot by Shawn Horcoff.
3:27 of 1st period - Shot Misses the Net.
3:29 of 1st period - Slapshot by Donald Brashear.
3:29 of 1st period - Shot Blocked by Chris Campoli.
4:03 of 1st period - Martin Havlat is hit by Steve McCarthy and loses puck.
4:18 of 1st period - Maxim Kondratiev is hit by Brent Burns.
4:21 of 1st period - Off-side.
4:22 of 1st period - Brian Sutherby wins face-off versus Dominic Moore in neutral zone.
5:36 of 1st period - Wrist shot by Brian Sutherby.
5:36 of 1st period - Stopped by Roberto Luongo with a rebound.
5:38 of 1st period - Slapshot by Kim Johnsson.
5:38 of 1st period - Deflect By Steve McCarthy.
5:38 of 1st period - Stopped by Roberto Luongo without a rebound.
5:39 of 1st period - Martin Havlat wins face-off versus Scott Gomez in Blackhawks zone.
5:48 of 1st period - Rick Nash is hit by Rene Bourque and loses puck.
6:14 of 1st period - Snap shot by Shawn Horcoff.
6:14 of 1st period - Stopped by Roberto Luongo without a rebound.
6:15 of 1st period - Rene Bourque wins face-off versus Jason Spezza in Blackhawks zone.
6:53 of 1st period - Brent Burns is hit by Donald Brashear and loses puck.
7:04 of 1st period - Kim Johnsson is hit by Daniel Carcillo and loses puck.
7:20 of 1st period - Icing by Steve McCarthy.
7:21 of 1st period - Jason Spezza wins face-off versus Scott Gomez in Blackhawks zone.
7:52 of 1st period - Icing by Joe Sakic.
7:53 of 1st period - Rick Nash wins face-off versus Joe Sakic in Blackhawks zone.
7:56 of 1st period - Snap shot by Rick Nash.
7:56 of 1st period - Stopped by Roberto Luongo without a rebound.
7:57 of 1st period - Jason Spezza wins face-off versus Scott Gomez in Blackhawks zone.
7:58 of 1st period - Wrist shot by Rick Nash.
7:58 of 1st period - Stopped by Roberto Luongo with a rebound.
8:00 of 1st period - Snap shot by Jason Spezza.
8:00 of 1st period - Shot Misses the Net.
8:02 of 1st period - Snap shot by Rick Nash.
8:02 of 1st period - Shot Misses the Net.
8:04 of 1st period - Slapshot by Rick Nash.
8:04 of 1st period - Goal by Rick Nash - Blackhawks : 0 - Red Wings : 1.
8:05 of 1st period - Scott Gomez wins face-off versus Jason Spezza in neutral zone.
8:44 of 1st period - Slapshot by Glen Murray.
8:44 of 1st period - Stopped by Roberto Luongo with a rebound.
9:14 of 1st period - Peter Schaefer is hit by Dominic Moore and loses puck.
9:23 of 1st period - Snap shot by Steve Bernier.
9:23 of 1st period - Stopped by Jonathan Quick without a rebound.
9:24 of 1st period - Jason Spezza wins face-off versus Scott Gomez in Red Wings zone.
9:29 of 1st period - Snap shot by Jason Spezza.
9:29 of 1st period - Stopped by Roberto Luongo with a rebound.
9:33 of 1st period - Snap shot by Jason Spezza.
9:33 of 1st period - Stopped by Roberto Luongo without a rebound.
9:34 of 1st period - Jason Spezza wins face-off versus Scott Gomez in Blackhawks zone.
9:47 of 1st period - Snap shot by Jason Spezza.
9:47 of 1st period - Shot Misses the Net.
9:57 of 1st period - Rick Nash is hit by Kris Versteeg and loses puck.
10:34 of 1st period - Christian Laflamme is hit by Brent Burns and loses puck.
10:41 of 1st period - Rick Nash is hit by Scott Gomez and loses puck.
10:56 of 1st period - Snap shot by Scott Gomez.
10:56 of 1st period - Shot Misses the Net.
10:58 of 1st period - Slapshot by Scott Gomez.
10:58 of 1st period - Shot Blocked by Shea Weber.
11:00 of 1st period - Slapshot by Christian Ehrhoff.
11:00 of 1st period - Shot Blocked by Rick Nash.
11:02 of 1st period - Snap shot by Scott Gomez.
11:02 of 1st period - Shot Hit the Post.
11:04 of 1st period - Slapshot by Chris Campoli.
11:04 of 1st period - Stopped by Jonathan Quick with a rebound.
11:08 of 1st period - Snap shot by Scott Gomez.
11:08 of 1st period - Stopped by Jonathan Quick without a rebound.
11:09 of 1st period - Joe Sakic wins face-off versus Shawn Horcoff in Red Wings zone.
11:10 of 1st period - Wrist shot by Loui Eriksson.
11:10 of 1st period - Shot Misses the Net.
11:38 of 1st period - Mike Richards is hit by Hnat Domenichelli and loses puck.
12:05 of 1st period - Slapshot by Lubos Bartecko.
12:05 of 1st period - Stopped by Roberto Luongo without a rebound.
12:06 of 1st period - Joe Sakic wins face-off versus Shawn Horcoff in Blackhawks zone.
12:28 of 1st period - Minor Penalty to Christian Ehrhoff for Roughing.
12:29 of 1st period - Shawn Horcoff wins face-off versus Dominic Moore in Blackhawks zone.
12:42 of 1st period - Wrist shot by Shawn Horcoff.
12:42 of 1st period - Deflect By Glen Murray.
12:42 of 1st period - Deflect By Colby Armstrong.
12:42 of 1st period - Shot Misses the Net.
12:42 of 1st period - Puck is out of play.
12:43 of 1st period - Jason Spezza wins face-off versus Dominic Moore in Blackhawks zone.
14:28 of 1st period - Penalty to Christian Ehrhoff is over, Christian Ehrhoff is back on ice.
14:44 of 1st period - Slapshot by Joe Sakic.
14:44 of 1st period - Shot Blocked by Christian Backman.
14:54 of 1st period - Scott Gomez is hit by Brian Sutherby.
15:11 of 1st period - Wrist shot by Colby Armstrong.
15:11 of 1st period - Shot Misses the Net.
15:13 of 1st period - Wrist shot by Colby Armstrong.
15:13 of 1st period - Stopped by Jonathan Quick without a rebound.
15:14 of 1st period - Jordan Staal wins face-off versus Jason Spezza in Red Wings zone.
15:25 of 1st period - Wrist shot by Jason Spezza.
15:25 of 1st period - Stopped by Roberto Luongo with a rebound.
15:48 of 1st period - Slapshot by Sean Bergenheim.
15:48 of 1st period - Stopped by Roberto Luongo with a rebound.
16:25 of 1st period - Snap shot by Dominic Moore.
16:25 of 1st period - Stopped by Jonathan Quick with a rebound.
16:27 of 1st period - Slapshot by Steve McCarthy.
16:27 of 1st period - Shot Misses the Net.
16:43 of 1st period - Glen Murray is hit by Daniel Carcillo and loses puck.
16:50 of 1st period - Maxim Kondratiev is hit by Christian Ehrhoff and loses puck.
17:05 of 1st period - Paul Martin is hit by Steve McCarthy and loses puck.
17:24 of 1st period - Shea Weber is hit by Kris Versteeg.
17:30 of 1st period - Snap shot by Mike Richards.
17:30 of 1st period - Shot Blocked by Steve McCarthy.
17:48 of 1st period - Wrist shot by Dominic Moore.
17:48 of 1st period - Stopped by Jonathan Quick with a rebound.
18:16 of 1st period - Loui Eriksson is hit by Martin Havlat and loses puck.
19:03 of 1st period - Snap shot by Brian Sutherby.
19:03 of 1st period - Shot Misses the Net.
19:11 of 1st period - Peter Schaefer is hit by Steve Bernier and loses puck.
19:45 of 1st period - Icing by Joe Sakic.
19:46 of 1st period - Jason Spezza wins face-off versus Joe Sakic in Blackhawks zone.
19:51 of 1st period - Wrist shot by Jason Spezza.
19:51 of 1st period - Goal by Jason Spezza - Blackhawks : 0 - Red Wings : 2.
19:52 of 1st period - Scott Gomez wins face-off versus Jason Spezza in neutral zone.
19:57 of 1st period - Snap shot by Scott Gomez.
19:57 of 1st period - Shot Misses the Net.
19:59 of 1st period - Snap shot by Rene Bourque.
19:59 of 1st period - Shot Misses the Net.
Goals for this period are 0 for Blackhawks vs 2 for Red Wings.
Shots for this period are 6 for Blackhawks vs 18 for Red Wings.
2nd period
0:01 of 2nd period - Scott Gomez wins face-off versus Jason Spezza in neutral zone.
0:03 of 2nd period - Off-side.
0:04 of 2nd period - Jason Spezza wins face-off versus Scott Gomez in neutral zone.
0:07 of 2nd period - Snap shot by Kim Johnsson.
0:07 of 2nd period - Shot Blocked by Rene Bourque.
0:09 of 2nd period - Snap shot by Martin Havlat.
0:09 of 2nd period - Shot Blocked by Kris Versteeg.
0:11 of 2nd period - Snap shot by Martin Havlat.
0:11 of 2nd period - Goal by Martin Havlat - Blackhawks : 0 - Red Wings : 3.
0:12 of 2nd period - Scott Gomez wins face-off versus Shawn Horcoff in neutral zone.
0:23 of 2nd period - Slapshot by Scott Gomez.
0:23 of 2nd period - Deflect By Shawn Horcoff.
0:23 of 2nd period - Stopped by Jonathan Quick with a rebound.
0:25 of 2nd period - Slapshot by Kris Versteeg.
0:25 of 2nd period - Stopped by Jonathan Quick without a rebound.
0:26 of 2nd period - Scott Gomez wins face-off versus Jason Spezza in Red Wings zone.
0:29 of 2nd period - Wrist shot by Scott Gomez.
0:29 of 2nd period - Shot Hit the Post.
0:51 of 2nd period - Shawn Horcoff is hit by Joe Sakic and loses puck.
1:02 of 2nd period - Slapshot by Loui Eriksson.
1:02 of 2nd period - Shot Misses the Net.
1:12 of 2nd period - Slapshot by Daniel Carcillo.
1:12 of 2nd period - Shot Misses the Net.
2:13 of 2nd period - Minor Penalty to Scott Gomez for Hooking.
2:14 of 2nd period - Jason Spezza wins face-off versus Dominic Moore in Blackhawks zone.
2:23 of 2nd period - Snap shot by Jason Spezza.
2:23 of 2nd period - Shot Misses the Net.
2:25 of 2nd period - Snap shot by Jason Spezza.
2:25 of 2nd period - Shot Blocked by Richard Matvichuk.
2:27 of 2nd period - Wrist shot by Jason Spezza.
2:27 of 2nd period - Stopped by Roberto Luongo without a rebound.
2:28 of 2nd period - Jason Spezza wins face-off versus Dominic Moore in Blackhawks zone.
2:56 of 2nd period - Off-side.
2:57 of 2nd period - Jordan Staal wins face-off versus Shawn Horcoff in neutral zone.
3:10 of 2nd period - Wrist shot by Glen Murray.
3:10 of 2nd period - Goal by Glen Murray - Blackhawks : 0 - Red Wings : 4.
3:11 of 2nd period - Scott Gomez wins face-off versus Jason Spezza in neutral zone.
3:25 of 2nd period - Snap shot by Rene Bourque.
3:25 of 2nd period - Shot Misses the Net.
3:27 of 2nd period - Slapshot by Christian Ehrhoff.
3:27 of 2nd period - Shot Misses the Net.
3:59 of 2nd period - Hnat Domenichelli is hit by Sean Bergenheim and loses puck.
4:51 of 2nd period - Chris Campoli is hit by Paul Martin and loses puck.
5:10 of 2nd period - Wrist shot by Glen Murray.
5:10 of 2nd period - Goal by Glen Murray - Blackhawks : 0 - Red Wings : 5.
5:10 of 2nd period - Jocelyn Thibault enters game.
5:11 of 2nd period - Jason Spezza wins face-off versus Scott Gomez in neutral zone.
5:43 of 2nd period - Shea Weber is hit by George Parros and loses puck.
6:05 of 2nd period - Snap shot by Dominic Moore.
6:05 of 2nd period - Shot Misses the Net.
6:45 of 2nd period - Christian Laflamme is hit by Joe Sakic and loses puck.
7:49 of 2nd period - Wrist shot by Paul Martin.
7:49 of 2nd period - Shot Misses the Net.
8:23 of 2nd period - Snap shot by Jordan Staal.
8:23 of 2nd period - Stopped by Jonathan Quick without a rebound.
8:23 of 2nd period - Minor Penalty to Jonathan Quick for Slashing.
8:24 of 2nd period - Joe Sakic wins face-off versus Jason Spezza in Red Wings zone.
8:37 of 2nd period - Wrist shot by Kris Versteeg.
8:37 of 2nd period - Stopped by Jonathan Quick without a rebound.
8:38 of 2nd period - Jason Spezza wins face-off versus Joe Sakic in Red Wings zone.
8:55 of 2nd period - Jason Spezza is hit by Brent Burns and loses puck.
10:14 of 2nd period - Icing by Christian Ehrhoff.
10:15 of 2nd period - Scott Gomez wins face-off versus Brian Sutherby in Blackhawks zone.
10:15 of 2nd period - Scott Gomez is hit by Brian Sutherby.
10:23 of 2nd period - Penalty to Shea Weber is over, Shea Weber is back on ice.
10:29 of 2nd period - Wrist shot by Christian Ehrhoff.
10:29 of 2nd period - Shot Misses the Net.
10:55 of 2nd period - Snap shot by Colby Armstrong.
10:55 of 2nd period - Shot Misses the Net.
11:13 of 2nd period - Wrist shot by Rick Nash.
11:13 of 2nd period - Shot Misses the Net.
12:12 of 2nd period - Christian Ehrhoff is hit by Shawn Horcoff.
13:10 of 2nd period - Snap shot by Kim Johnsson.
13:10 of 2nd period - Shot Misses the Net.
13:49 of 2nd period - Martin Havlat is hit by Loui Eriksson and loses puck.
13:59 of 2nd period - Off-side.
14:00 of 2nd period - Dominic Moore wins face-off versus Mike Richards in neutral zone.
14:05 of 2nd period - Mike Richards is hit by Steve McCarthy and loses puck.
14:28 of 2nd period - Slapshot by Scott Gomez.
14:28 of 2nd period - Shot Misses the Net.
14:46 of 2nd period - Snap shot by Loui Eriksson.
14:46 of 2nd period - Shot Misses the Net.
14:48 of 2nd period - Wrist shot by George Parros.
14:48 of 2nd period - Shot Misses the Net.
14:50 of 2nd period - Snap shot by Joe Sakic.
14:50 of 2nd period - Stopped by Jonathan Quick with a rebound.
14:52 of 2nd period - Slapshot by Richard Matvichuk.
14:52 of 2nd period - Stopped by Jonathan Quick with a rebound.
14:54 of 2nd period - Slapshot by Richard Matvichuk.
14:54 of 2nd period - Stopped by Jonathan Quick with a rebound.
14:56 of 2nd period - Slapshot by Loui Eriksson.
14:56 of 2nd period - Shot Misses the Net.
14:58 of 2nd period - Slapshot by Steve McCarthy.
14:58 of 2nd period - Stopped by Jonathan Quick with a rebound.
15:08 of 2nd period - Wrist shot by Daniel Carcillo.
15:08 of 2nd period - Stopped by Jonathan Quick without a rebound.
15:09 of 2nd period - Brian Sutherby wins face-off versus Jordan Staal in Red Wings zone.
15:09 of 2nd period - Brian Sutherby is hit by Daniel Carcillo.
15:52 of 2nd period - Wrist shot by Brian Sutherby.
15:52 of 2nd period - Stopped by Jocelyn Thibault without a rebound.
15:53 of 2nd period - Jason Spezza wins face-off versus Scott Gomez in Blackhawks zone.
15:56 of 2nd period - Slapshot by Jason Spezza.
15:56 of 2nd period - Shot Blocked by Steve McCarthy.
16:06 of 2nd period - Wrist shot by Jason Spezza.
16:06 of 2nd period - Shot Blocked by Steve McCarthy.
16:08 of 2nd period - Wrist shot by Jason Spezza.
16:08 of 2nd period - Stopped by Jocelyn Thibault with a rebound.
16:47 of 2nd period - Snap shot by Sean Bergenheim.
16:47 of 2nd period - Deflect By Nathan Horton.
16:47 of 2nd period - Shot Misses the Net.
16:47 of 2nd period - Puck is out of play.
16:48 of 2nd period - Jason Spezza wins face-off versus Scott Gomez in Blackhawks zone.
16:59 of 2nd period - Rick Nash is hit by Rene Bourque and loses puck.
17:30 of 2nd period - Loui Eriksson is hit by Sean Bergenheim and loses puck.
18:31 of 2nd period - Slapshot by Daniel Carcillo.
18:31 of 2nd period - Goal by Daniel Carcillo - Blackhawks : 1 - Red Wings : 5.
18:32 of 2nd period - Scott Gomez wins face-off versus Jason Spezza in neutral zone.
18:42 of 2nd period - Wrist shot by Rene Bourque.
18:42 of 2nd period - Stopped by Jonathan Quick with a rebound.
18:58 of 2nd period - Shea Weber is hit by Loui Eriksson.
19:42 of 2nd period - Icing by Jordan Staal.
19:43 of 2nd period - Rick Nash wins face-off versus Jordan Staal in Blackhawks zone.
Goals for this period are 1 for Blackhawks vs 3 for Red Wings.
Shots for this period are 11 for Blackhawks vs 6 for Red Wings.
3rd period
0:01 of 3rd period - Jason Spezza wins face-off versus Scott Gomez in neutral zone.
0:05 of 3rd period - Minor Penalty to Kim Johnsson for Hooking.
0:06 of 3rd period - Joe Sakic wins face-off versus Jason Spezza in Red Wings zone.
0:09 of 3rd period - Snap shot by Rene Bourque.
0:09 of 3rd period - Shot Blocked by Rick Nash.
0:09 of 3rd period - Rick Nash from Red Wings is injured at 0:09 of 3rd period (Bruised Right Leg).
0:10 of 3rd period - Joe Sakic wins face-off versus Jason Spezza in Red Wings zone.
0:13 of 3rd period - Snap shot by Joe Sakic.
0:13 of 3rd period - Stopped by Jonathan Quick without a rebound.
0:14 of 3rd period - Joe Sakic wins face-off versus Jason Spezza in Red Wings zone.
0:45 of 3rd period - Donald Brashear is hit by Loui Eriksson and loses puck.
2:05 of 3rd period - Penalty to Kim Johnsson is over, Kim Johnsson is back on ice.
4:02 of 3rd period - Paul Martin is hit by Joe Sakic and loses puck.
4:15 of 3rd period - Scott Gomez is hit by Maxim Kondratiev and loses puck.
4:55 of 3rd period - Joe Sakic is hit by Lubos Bartecko and loses puck.
5:32 of 3rd period - Shea Weber is hit by Steve McCarthy and loses puck.
6:02 of 3rd period - Loui Eriksson is hit by Donald Brashear and loses puck.
6:07 of 3rd period - Wrist shot by Glen Murray.
6:07 of 3rd period - Shot Misses the Net.
6:38 of 3rd period - Shea Weber is hit by Richard Matvichuk and loses puck.
6:45 of 3rd period - Richard Matvichuk is hit by Peter Schaefer and loses puck.
7:01 of 3rd period - Jordan Staal is hit by Glen Murray and loses puck.
7:19 of 3rd period - Shea Weber is hit by George Parros and loses puck.
7:35 of 3rd period - Snap shot by Hnat Domenichelli.
7:35 of 3rd period - Stopped by Jonathan Quick without a rebound.
7:36 of 3rd period - Scott Gomez wins face-off versus Mike Richards in Red Wings zone.
7:39 of 3rd period - Slapshot by Rene Bourque.
7:39 of 3rd period - Stopped by Jonathan Quick without a rebound.
7:40 of 3rd period - Scott Gomez wins face-off versus Mike Richards in Red Wings zone.
7:51 of 3rd period - Snap shot by Scott Gomez.
7:51 of 3rd period - Stopped by Jonathan Quick with a rebound.
8:09 of 3rd period - Snap shot by Martin Havlat.
8:09 of 3rd period - Stopped by Jocelyn Thibault with a rebound.
8:11 of 3rd period - Wrist shot by Martin Havlat.
8:11 of 3rd period - Shot Misses the Net.
8:13 of 3rd period - Snap shot by Christian Backman.
8:13 of 3rd period - Stopped by Jocelyn Thibault without a rebound.
8:14 of 3rd period - Scott Gomez wins face-off versus Jason Spezza in Blackhawks zone.
8:39 of 3rd period - Kim Johnsson is hit by Chris Campoli and loses puck.
9:32 of 3rd period - Icing by Rene Bourque.
9:33 of 3rd period - Jordan Staal wins face-off versus Glen Murray in Blackhawks zone.
9:38 of 3rd period - Snap shot by Shawn Horcoff.
9:38 of 3rd period - Deflect By Glen Murray.
9:38 of 3rd period - Stopped by Jocelyn Thibault with a rebound.
9:40 of 3rd period - Slapshot by Kim Johnsson.
9:40 of 3rd period - Shot Blocked by Christian Ehrhoff.
10:10 of 3rd period - Scott Gomez is hit by Jason Spezza and loses puck.
10:23 of 3rd period - Wrist shot by Loui Eriksson.
10:23 of 3rd period - Shot Misses the Net.
10:25 of 3rd period - Minor Penalty to Brian Sutherby for Roughing.
10:26 of 3rd period - Jason Spezza wins face-off versus Rene Bourque in Red Wings zone.
10:31 of 3rd period - Wrist shot by Kris Versteeg.
10:31 of 3rd period - Shot Misses the Net.
10:33 of 3rd period - Snap shot by Joe Sakic.
10:33 of 3rd period - Goal by Joe Sakic - Blackhawks : 2 - Red Wings : 5.
10:34 of 3rd period - Jason Spezza wins face-off versus Scott Gomez in neutral zone.
11:00 of 3rd period - Brent Burns is hit by Shawn Horcoff and loses puck.
11:23 of 3rd period - Slapshot by Steve McCarthy.
11:23 of 3rd period - Stopped by Jonathan Quick with a rebound.
11:27 of 3rd period - Wrist shot by Dominic Moore.
11:27 of 3rd period - Shot Misses the Net.
11:29 of 3rd period - Wrist shot by Hnat Domenichelli.
11:29 of 3rd period - Shot Blocked by Paul Martin.
13:29 of 3rd period - George Parros is hit by Glen Murray and loses puck.
13:57 of 3rd period - Mike Richards is hit by Jordan Staal and loses puck.
14:12 of 3rd period - Kim Johnsson is hit by Steve Bernier.
14:16 of 3rd period - Jason Spezza is hit by Hnat Domenichelli.
14:23 of 3rd period - Icing by Steve Bernier.
14:24 of 3rd period - Scott Gomez wins face-off versus Shawn Horcoff in Blackhawks zone.
14:29 of 3rd period - Glen Murray is hit by Chris Campoli and loses puck.
14:49 of 3rd period - Christian Laflamme is hit by Joe Sakic and loses puck.
15:08 of 3rd period - Peter Schaefer is hit by Brent Burns and loses puck.
15:29 of 3rd period - Maxim Kondratiev is hit by Scott Gomez and loses puck.
15:38 of 3rd period - Snap shot by Rene Bourque.
15:38 of 3rd period - Stopped by Jonathan Quick without a rebound.
15:39 of 3rd period - Joe Sakic wins face-off versus Jason Spezza in Red Wings zone.
16:08 of 3rd period - Snap shot by Kris Versteeg.
16:08 of 3rd period - Stopped by Jonathan Quick without a rebound.
16:09 of 3rd period - Shawn Horcoff wins face-off versus Scott Gomez in Red Wings zone.
16:58 of 3rd period - Snap shot by Steve Bernier.
16:58 of 3rd period - Shot Blocked by Lubos Bartecko.
17:00 of 3rd period - Snap shot by Hnat Domenichelli.
17:00 of 3rd period - Stopped by Jonathan Quick without a rebound.
17:01 of 3rd period - Brian Sutherby wins face-off versus Dominic Moore in Red Wings zone.
17:52 of 3rd period - Donald Brashear is hit by Kris Versteeg and loses puck.
18:11 of 3rd period - Slapshot by Loui Eriksson.
18:11 of 3rd period - Shot Misses the Net.
18:13 of 3rd period - Snap shot by George Parros.
18:13 of 3rd period - Shot Misses the Net.
18:15 of 3rd period - Slapshot by Steve McCarthy.
18:15 of 3rd period - Shot Blocked by Sean Bergenheim.
19:21 of 3rd period - Snap shot by Loui Eriksson.
19:21 of 3rd period - Stopped by Jonathan Quick with a rebound.
19:27 of 3rd period - Snap shot by Joe Sakic.
19:27 of 3rd period - Stopped by Jonathan Quick without a rebound.
19:28 of 3rd period - Scott Gomez wins face-off versus Jason Spezza in Red Wings zone.
Goals for this period are 1 for Blackhawks vs 0 for Red Wings.
Shots for this period are 11 for Blackhawks vs 3 for Red Wings.
Output by the SimonT Hockey Simulator (STHS) for François Prévost -- Original Page W3C XHTML 1.0 Valid